Map: Beladona LE

Players

llllllllllll - Winner!

  • Race: Protoss Protoss
  • League: Diamond
  • Spawn Location: 11:00

LowLinK

  • Race: Protoss Protoss
  • League: Diamond
  • Spawn Location: 5:00

VOD

Have the link to the VOD?

Description

Time

  • Played on: Feb. 16, 2020, 1:32 p.m.
  • Length: 6:14
Show
View Real Time Build Order
Export as new Build Order

llllllllllll Protoss - Winner!

Build Orders:  

Get SALT Encoding   

  12  0:01  Probe  
  13  0:13  Probe  
  14  0:17  Pylon  
  14  0:27  Probe  
  15  0:38  Gateway  
  15  0:40  Probe (Chrono Boost)  
  16  0:49  Probe (Chrono Boost)  
  17  0:51  Assimilator  
  17  0:54  Probe (Chrono Boost)  
  18  0:59  Assimilator  
  18  1:06  Probe  
  19  1:12  Gateway  
  19  1:21  Probe  
  20  1:27  Cybernetics Core  
  20  1:33  Probe  
  21  1:43  Pylon  
  21  1:46  Probe  
  22  1:58  Probe  
  23  2:02  Stalker (Chrono Boost)  
  23  2:03  Stalker (Chrono Boost)  
  27  2:10  Warp Gate  
  27  2:20  Probe, Pylon  
  28  2:26  Pylon  
  28  2:36  Stalker  
  30  2:39  Probe  
  31  2:50  Robotics Facility  
  31  3:03  Probe  
  31  3:04  Stalker  
  32  3:26  Shield Battery  
  32  3:36  Immortal (Chrono Boost)  
  32  3:40  Probe  
  37  3:49  Gateway  
  35  4:03  Stalker x2  
  39  4:10  Pylon  
  39  4:13  Immortal (Chrono Boost)  
  41  4:26  Stalker  
  41  4:27  Sentry  
  35  4:55  Stalker x3  
  39  5:08  Immortal  
  39  5:36  Probe  
  39  5:38  Stalker  
  39  5:39  Zealot x2  
  39  5:41  Robotics Bay  
Show
View Real Time Build Order
Export as new Build Order

LowLinK Protoss 

Build Orders:  

Get SALT Encoding   

  12  0:01  Probe  
  13  0:13  Probe  
  14  0:20  Pylon  
  14  0:25  Probe  
  15  0:38  Probe  
  15  0:40  Gateway  
  16  0:50  Probe (Chrono Boost)  
  16  0:53  Assimilator  
  17  0:58  Assimilator  
  17  1:01  Probe (Chrono Boost)  
  18  1:06  Probe (Chrono Boost)  
  19  1:16  Pylon  
  19  1:17  Probe  
  20  1:33  Probe  
  23  1:40  Zealot  
  23  1:42  Cybernetics Core  
  23  1:45  Probe  
  24  2:04  Probe  
  25  2:14  Warp Gate (Chrono Boost)  
  25  2:16  Probe  
  25  2:17  Pylon  
  26  2:27  Stalker  
  27  2:37  Gateway  
  27  2:38  Pylon  
  27  2:40  Gateway  
  27  2:43  Gateway  
  27  2:46  Gateway  
  27  2:48  Gateway  
  27  2:54  Gateway  
  27  3:24  Sentry (Chrono Boost)  
  29  3:30  Pylon  
  26  3:49  Stalker x3  
  30  3:57  Stalker x2  
  32  4:14  Stalker x3  
  36  4:22  Stalker  
  38  4:26  Stalker  
  40  4:36  Pylon  
  38  4:45  Stalker x2  
  32  4:59  Stalker  
  30  5:00  Zealot x2  
  34  5:13  Stalker  
  30  5:21  Stalker  
  30  5:24  Zealot  
  32  5:32  Stalker  
  32  5:41  Stalker  
  28  5:57  Stalker  
  28  5:58  Zealot  
  32  6:06  Stalker  
Tags
 
Add a new tag
Caveats
  • Supply blocks, unpowered buildings, or Contaminate may cause inaccurate times.
  • Supply counts are checked every 10 seconds.